 Dungeon Crawl Stone Soup version 0.31-a0-1278-g11c5b68f87 (webtiles) character file.

Game seed: 15929735106941701470

259 gohu the Chopper (level 5, -3/47 HPs)
             Began as a Minotaur Fighter on Dec 17, 2023.
             Killed from afar by an orc wizard (5 damage)
             ... with a puff of flame
             ... on level 5 of the Dungeon.
             The game lasted 00:05:19 (2953 turns).

gohu the Chopper (Minotaur Fighter)                 Turns: 2953, Time: 00:05:19

Health: -3/47      AC: 15    Str: 19 (22) XL:     5   Next: 95%
Magic:  4/4        EV:  7    Int:  2 (5)  God:
Gold:   175        SH:  4    Dex: 10 (13) Spells: 4/4 levels left

rFire   . . .        a - +0 war axe
rCold   . . .        c - +0 buckler
rNeg    . . .        z - +0 chain mail
rPois   .            (helmet restricted)
rElec   .            (no cloak)
rCorr   .            m - +0 pair of fencer's gloves {Riposte Dex+3}
SInv    .            (no boots)
Will    .....        (no amulet) Stlth
                     f - +4 ring of slaying
HPRegen 0.27/turn    s - +4 ring of protection
MPRegen 0.09/turn

%: no passive effects
@: no status effects
A: horns 2, retaliatory headbutt
a: no special abilities


You were on level 5 of the Dungeon.
You visited 1 branch of the dungeon, and saw 5 of its levels.

You collected 175 gold pieces.

Inventory:

Hand Weapons
 a - a +0 war axe (weapon)
Armour
 b - a +0 scale mail
 c - a +0 buckler (worn)
 m - the +0 pair of fencer's gloves (worn) {Riposte Dex+3}
   (You found it on level 2 of the Dungeon)

   Riposte:   It allows the wearer to riposte with melee weapons, swiftly
   retaliating against missed or blocked melee attacks.
   Dex+3:     It affects your dexterity (+3).
 z - a +0 chain mail (worn)
Jewellery
 e - a ring of magical power
 f - a +4 ring of slaying (left hand)
 s - a +4 ring of protection (right hand)
 B - a ring of fire
Scrolls
 g - a scroll of teleportation {unknown}
 i - 7 scrolls of identify {unknown}
 n - a scroll of enchant weapon {unknown}
 p - 2 scrolls of enchant armour {unknown}
 q - a scroll of revelation {unknown}
 u - a scroll of fear {unknown}
 v - a scroll of noise {unknown}
 x - a scroll of blinking {unknown}
 y - a scroll of poison {unknown}
Potions
 d - a potion of might
 h - a potion of invisibility {unknown}
 j - 2 potions of curing
 k - 3 potions of degeneration
 l - a potion of brilliance {unknown}
 o - 3 potions of mutation {unknown}
 r - a potion of resistance {unknown}
 t - a potion of haste {unknown}
 w - a potion of heal wounds {unknown}
 A - a potion of attraction {unknown}


   Skills:
 + Level 4.6 Fighting
 + Level 5.5 Axes
 + Level 4.9 Armour
 + Level 4.4 Shields


You had 4 spell levels left.
You didn't know any spells.
Your spell library contained the following spells:

 Spells                   Type           Power      Damage    Failure   Level
 Ensorcelled Hibernation  Hex/Ice        0%         N/A       100%        2
 Jinxbite                 Hex            0%         N/A       100%        2
 Dazzling Flash           Conj/Hex       0%         N/A       100%        3
 Anguish                  Hex/Necr       0%         N/A       100%        4
 Agony                    Necr           0%         N/A       100%        5
 Silence                  Hex/Air        0%         N/A       100%        5


Dungeon Overview and Level Annotations

Branches:
Dungeon (5/15)
 Temple: D:4-7

Altars:


Innate Abilities, Weirdness & Mutations

You have a pair of horns on your head.
You reflexively headbutt those who attack you in melee.


Message History

You closely miss the water moccasin.
The water moccasin is moderately wounded.
You completely miss something.
You feel very sick. The water moccasin bites you.
* * * LOW HITPOINT WARNING * * *
You are more poisoned.
The water moccasin poisons you! The water moccasin misses you.
You hear some strange, mumbled words.
Something tries to affect you, but you resist.
It was a potion of degeneration.
There was something very wrong with that liquid.
You feel weakened.
You feel dopey.
You feel clumsy.
* * * LOW HITPOINT WARNING * * *
You feel very sick.
The water moccasin bites you but does no damage.
Something hits you but does no damage.
The water moccasin bites you but does no damage.
It was a potion of curing.
You feel better. Something hits you.
* * * LOW HITPOINT WARNING * * *
The water moccasin bites you.
* * * LOW HITPOINT WARNING * * *
Okay, then.
You miss the water moccasin.
The water moccasin is moderately wounded.
You closely miss something. The water moccasin bites you.
* * * LOW HITPOINT WARNING * * *
Something hits you but does no damage.
The water moccasin bites you but does no damage.
You miss the water moccasin.
Your headbutt misses the water moccasin.
The water moccasin is moderately wounded.
You hit something. Something hits you.
* * * LOW HITPOINT WARNING * * *
The water moccasin bites you.
* * * LOW HITPOINT WARNING * * *
You hear some strange, mumbled words.
A puff of flame appears from out of thin air!
The puff of flame hits you.
You die...

#.......#..###..#...#......#
..
##.....###.....##.######...#
...#..###..#.......#.# #...#
.......#..............#
#...# #.........#.....#...#
#...# #.........##...##...#
#...# #.........#.....#...#
#...# .......#.....).{.....#
?..#..###..#)..S@..#.# ..
##.....###.....## #
.......#..###....
$.....$..... ......
..#.....#..... #....# .
##...##..$... ....# ...
#......##.:..# . .. ...##
#..


You could see a water moccasin.

Vanquished Creatures
  An ogre (D:4)
  An orc priest (D:5)
  An iguana (D:4)
  An orc wizard (D:4)
  An adder (D:5)
  3 dart slugs (D:1)
  4 orcs
  5 ball pythons
  6 endoplasms
  4 giant cockroaches
  8 hobgoblins
  14 jackals
  A quokka (D:4)
  6 bats
  3 frilled lizards
  4 goblins
  5 kobolds
  5 rats
73 creatures vanquished.

Notes
Turn   | Place    | Note
-------+----------+-------------------------------------------
     0 | D:1      | gohu the Minotaur Fighter began the quest for the Orb.
     0 | D:1      | Reached XP level 1. HP: 19/19 MP: 0/0
    93 | D:1      | Reached XP level 2. HP: 23/27 MP: 1/1
   390 | D:1      | Reached XP level 3. HP: 31/33 MP: 2/2
   879 | D:2      | Reached skill level 3 in Axes
   984 | D:2      | Found the +0 pair of fencer's gloves {Riposte Dex+3}
  2379 | D:5      | Entered Level 5 of the Dungeon
  2392 | D:5      | Noticed a water moccasin
  2393 | D:5      | Reached XP level 4. HP: 41/41 MP: 3/3
  2456 | D:4      | Identified the +8 dagger of Zyluq {speed, rCorr Int+2
                  | Stlth-}
  2457 | D:4      | Noticed an ogre
  2459 | D:4      | Reached skill level 4 in Axes
  2465 | D:4      | Killed an ogre
  2466 | D:4      | Reached XP level 5. HP: 20/47 MP: 4/4
  2667 | D:4      | Reached skill level 5 in Axes
  2953 | D:5      | HP: 2/47 [water moccasin (4)]
  2953 | D:5      | Killed from afar by an orc wizard

Illustrated notes

Levels and vault maps discovered:
D:1:      dpeg_arrival_orchard, layout_loops_ring
D:2:      layout_loops_ring, minmay_misc_feat_x
D:3:      layout_loops_ring, grunt_ministairs_14
D:4:      layout_rooms
D:5:      nicolae_cairo_tiling_large_dashed, layout_gridville,
          minmay_hollow_rounded_squares

Skill      XL: |  1  2  3  4  5 |
---------------+----------------+-----
Armour         | 4 |  4.9
Fighting       | 4 |  4.6
Shields        | 4 |  4.4
Axes           | 3 4 5 |  5.5

Action                     |  1- 3 |  4- 6 || total
---------------------------+-------+-------++-------
  Melee: War axe           |    94 |    34 ||   128
         Headbutt          |    11 |     2 ||    13
    Use: Potion            |       |     2 ||     2
 Armour: Scale mail        |    73 |       ||    73
         Chain mail        |     1 |    46 ||    47
  Dodge: Dodged            |    37 |     9 ||    46
  Block: Buckler           |    26 |     9 ||    35
Riposte: War axe           |     3 |     6 ||     9

Table legend: (Time is in decaauts)
 A = Elapsed time spent in this place.
 B = Non-inter-level travel time spent in this place.
 C = Inter-level travel time spent in this place.
 D = Time resting spent in this place.
 E = Time spent auto-exploring this place.
 F = Levels seen in this place.
 G = Mean time per level.
                   A        B        C        D        E       F      G
               +--------+--------+--------+--------+--------+-----+--------+
         Total |   3002 |   2830 |    172 |      0 |   2299 |   5 |  600.4 |
       Dungeon |   3002 |   2830 |    172 |      0 |   2299 |   5 |  600.4 |
               +--------+--------+--------+--------+--------+-----+--------+

Top non-repeatable levels by time:
     D:2: 827 daAuts
     D:1: 773 daAuts
     D:3: 690 daAuts
     D:4: 641 daAuts
     D:5: 70 daAuts
